 Dungeon Crawl Stone Soup version 0.27-a0-1319-geec4fb4e21 (webtiles) character file.

Game seed: 12327573423791121663

58 spiderkeys the Skirmisher (level 4, 0/31 HPs)
             Began as an Octopode Abyssal Knight on June 22, 2021.
             Was a Follower of Lugonu.
             Slain by a hobgoblin (5 damage)
             ... led by Robin
             ... on level 2 of the Dungeon.
             The game lasted 00:03:12 (2115 turns).

spiderkeys the Skirmisher (Octopode Abyssal Knight) Turns: 2115, Time: 00:03:13

Health: 0/31       AC:  1    Str: 12    XL:     4   Next: 1%
Magic:  5/5        EV: 13    Int: 14    God:    Lugonu [*.....]
Gold:   82         SH:  3    Dex: 11    Spells: 3/3 levels left

rFire    . . .     SeeInvis .   o - +0 trident
rCold    . . .     Faith    .   d - +0 buckler
rNeg     . . .     Spirit   .   (helmet restricted)
rPois    .         Reflect  .   (no amulet)
rElec    .         Harm     .   (no ring)
rCorr    .         Rampage  .   (no ring)
Will     .....                  (no ring)
Stlth    ++........             (no ring)
HPRegen  0.10/turn              (no ring)
MPRegen  0.09/turn              (no ring)
                                (no ring)
                                (no ring)

@: no status effects
A: almost no armour, amphibious, 8 rings, camouflage 1, gelatinous body 1,
(nimble swimmer 1), tentacles
a: Renounce Religion, Depart the Abyss


You were on level 2 of the Dungeon.
You worshipped Lugonu.
Lugonu was aware of your devotion.
You visited 1 branch of the dungeon, and saw 2 of its levels.
You visited the Abyss 1 time.

You collected 82 gold pieces.


Innate Abilities, Weirdness & Mutations

You cannot wear most types of armour.
You are amphibious.
You can wear up to eight rings at the same time.
Your skin changes colour to match your surroundings (Stealth+).
Your rubbery body absorbs attacks. (AC +1, EV +1)
((You are camouflaged near water. (Stealth+)))
You have tentacles for arms and can constrict up to eight enemies at once.


   Skills:
 + Level 3.3 Fighting
 + Level 2.6 Polearms
 + Level 2.8 Dodging
 + Level 1.3 Shields
 + Level 2.5 Invocations


You had 3 spell levels left.
You didn't know any spells.
Your spell library was empty.

Inventory:

Hand Weapons
 a - a +1 spear
 o - a +0 trident (weapon)
   (You found it on level 2 of the Dungeon)
Missiles
 c - 3 boomerangs of dispersal {=f!f}
 i - 12 stones
 n - 10 poisoned darts
Armour
 d - a +0 buckler (worn)
   (You found it on level 1 of the Dungeon)
Scrolls
 e - a scroll of enchant weapon {unknown}
 f - a scroll of amnesia {unknown}
 g - a scroll of summoning {unknown}
 k - a scroll of identify {unknown}
Potions
 b - a potion of cancellation {unknown}
 h - 2 potions of degeneration {unknown}
 j - a potion of invisibility {unknown}
 l - a potion of brilliance {unknown}
 m - a potion of flight {unknown}

Dungeon Overview and Level Annotations

Branches:
Dungeon (2/15)

Altars:
Qazlal

#g# #.# #.# #.# #g# #g#
#g# #.# #g######.#
#.#...g..# #.#.######
#.#.##### ##.###
#.#.gg@.# .....
#.####### #..# #.##...<#
#..# #.##.####..# #..#
#.#........# ##..#
#.#..#####.# ..รท.#
#.#........# ....#
#.#.########.#
##.########.#.##.......#


You could see 2 hobgoblins.


Message History

๐Ÿ˜Ž HP[+13]
Your hp is fully restored (26).
A goblin is nearby!
You hear a shout!
You hit the goblin.
You kill the goblin!
Lugonu accepts your kill.
No target in view!
No target in view! 4 goblins, 2 hobgoblins and Robin come into view.
Robin shouts!
The goblin shouts! x2; The hobgoblin shouts!
The goblin shouts!
Robin says, "My goblins will feast on your bones."
The goblin moves out of view.
Things that are here:
a +0 club; a goblin corpse Unknown command.
You reach to attack!
You hit Robin but do no damage.
A goblin comes into view. It is wielding a +0 club.
You hit Robin. You grab Robin. You constrict Robin, but do no damage.
Robin roars a battlecry!
The goblins go into a battle-frenzy!
A goblin comes into view. It is wielding a +0 club.
Robin struggles to escape constriction.
You completely miss Robin. You constrict Robin.
Robin escapes!
You hit Robin but do no damage. You grab Robin. You constrict Robin.
Robin barely misses you.
You hit Robin but do no damage. You constrict Robin. The hobgoblin hits you!
Robin barely misses you. The hobgoblin barely misses you.
You block Robin's attack. ๐Ÿ˜ฎ HP[-7]
You take 7 damage, and now have 19/26 hp.
MASSIVE DAMAGE!! (PAUSE)
You hit Robin but do no damage. You squeeze Robin, but do no damage.
You constrict Robin. The hobgoblin closely misses you.
Robin hits you with a +0 mace. ๐Ÿ˜ฎ HP[-4]
You take 4 damage, and now have 15/26 hp.
You hit Robin.
You kill Robin!
Lugonu accepts your kill. The hobgoblin misses you.
The hobgoblin no longer looks unusually strong.
The goblin unwields a +0 club.
The goblin wields a +0 hunting sling.
The goblin shoots a stone.
You block the stone.
The goblin no longer looks unusually strong.
The hobgoblin no longer looks unusually strong. ๐Ÿ˜ฎ HP[+1]
The goblin hits you with a +0 dagger. ๐Ÿ˜ฎ HP[-1]
You take 1 damage, and now have 15/26 hp.
The goblin barely misses you.
You closely miss the goblin. You grab the goblin. You constrict the goblin.
The goblin hits you with a +0 dagger. x2
* * * LOW HITPOINT WARNING * * *
๐Ÿ˜จ HP[-5]
You take 5 damage, and now have 10/26 hp.
You release your grip on the goblin. ๐Ÿ˜จ HP[+1] ๐Ÿ˜จ HP[+1] ๐Ÿ˜จ HP[+1]
You hit the goblin. Your grab misses the goblin.
The goblin hits you with a +0 dagger.
* * * LOW HITPOINT WARNING * * *
๐Ÿ˜จ HP[-3]
You take 3 damage, and now have 10/26 hp.
Your shield prevents you from hitting the goblin.
Your grab misses the goblin. The goblin hits you with a +0 dagger.
* * * LOW HITPOINT WARNING * * *
You block the goblin's attack. ๐Ÿ˜จ HP[-2]
You take 2 damage, and now have 8/26 hp. ๐Ÿ˜จ HP[+1] ๐Ÿ˜จ HP[+1]
The goblin hits you with a +0 dagger.
* * * LOW HITPOINT WARNING * * *
๐Ÿ˜ฑ HP[-4]
You take 4 damage, and now have 6/26 hp. ๐Ÿ˜จ HP[+1]
You closely miss the goblin. You grab the goblin. You constrict the goblin.
The goblin hits you with a +0 dagger.
* * * LOW HITPOINT WARNING * * *
๐Ÿ˜ฑ HP[-3]
You take 3 damage, and now have 4/26 hp.
You hit the goblin.
You kill the goblin!
Lugonu accepts your kill.
You have reached level 4! ๐Ÿ˜ฑ HP[+1] MP[+1]
You now have 31 max hp (+5).
Your mp is fully restored (5). ๐Ÿ˜ฑ HP[+1]
You see here a +0 dagger. ๐Ÿ˜ฑ HP[+1]
The hobgoblin hits you.
* * * LOW HITPOINT WARNING * * *
๐Ÿ˜ฑ HP[-3]
You take 3 damage, and now have 4/31 hp. ๐Ÿ˜ฑ HP[+1]
You hit the hobgoblin but do no damage. Your grab misses the hobgoblin.
The hobgoblin hits you.
You die...

Skill      XL: |  1  2  3 |
---------------+----------+-----
Shields        | 1 |  1.3
Fighting       | |  3.3
Polearms       | |  2.6
Dodging        | |  2.8
Invocations    | |  2.5

Action                   |  1- 3 |  4- 6 || total
-------------------------+-------+-------++-------
Melee: Spear             |    92 |       ||    92
       Tentacles         |    11 |       ||    11
       Constrict         |    13 |       ||    13
       Trident           |    18 |     1 ||    19
Invok: Depart the Abyss  |     1 |       ||     1
 Stab: Sleeping          |     7 |       ||     7
Armor: Skin              |     8 |       ||     8
Dodge: Dodged            |    33 |       ||    33
Block: Buckler           |     9 |       ||     9

Levels and vault maps discovered:
D:1:      amcnicky_arrival_double_pillar, layout_rooms
D:2:      layout_basic, hellmonk_ecumenical_altar_leap_of_faith, basic_altar,
          serial_bayou_crossing, uniq_robin, uniq_crazy_yiuf_cottage

Notes
Turn   | Place    | Note
-------+----------+-------------------------------------------
     0 | Abyss:1  | spiderkeys the Octopode Abyssal Knight began the quest for
                  | the Orb.
     0 | Abyss:1  | Reached XP level 1. HP: 16/16 MP: 2/2
     0 | Abyss:1  | magus.rc [v1.9.10]
    37 | Abyss:1  | Found a corrupted altar of Lugonu.
   122 | Abyss:2  | Noticed a hell knight
   172 | Abyss:2  | Noticed an ancient zyme
   176 | Abyss:2  | Noticed an anaconda zombie
   177 | Abyss:2  | Noticed a golden eye
   178 | D:1      | You pass through the gate.
   178 | D:1      | Escaped the Abyss
   251 | D:1      | Reached * piety under Lugonu
   439 | D:1      | Reached XP level 2. HP: 19/21 MP: 3/3
   948 | D:1      | Reached XP level 3. HP: 22/26 MP: 4/4
  1212 | D:2      | Found a stormy altar of Qazlal.
  1220 | D:2      | Reached skill level 1 in Shields
  1990 | D:2      | Noticed Robin
  1997 | D:2      | Killed Robin
  2080 | D:2      | HP: 6/26 [goblin[Robin] (4)]
  2085 | D:2      | Reached XP level 4. HP: 5/31 MP: 5/5
  2113 | D:2      | HP: 4/31 [hobgoblin[Robin] (3)]
  2115 | D:2      | Slain by a hobgoblin

Vanquished Creatures
  Robin (D:2)
  A worm (D:2)
  A dart slug (D:1)
  2 bats (D:1)
  9 endoplasms
  2 giant cockroaches
  A hobgoblin (D:2)
  6 jackals
  A frilled lizard (D:2)
  7 goblins
  4 kobolds
  A rat (D:1)
36 creatures vanquished.

Table legend:
 A = Non-vault XP
 B = Vault XP
 C = Vault XP percentage of total XP
 D = Non-vault monster count
 E = Vault monster count
 F = Vault count percentage of total count
                 A         B        C        D         E       F
            +---------+---------+-------+---------+---------+-------
      Total |      63 |      20 |  24.1 |      32 |       4 |  11.1
            +---------+---------+-------+---------+---------+-------
        D:1 |      36 |       0 |   0.0 |      19 |       0 |   0.0
        D:2 |      27 |      20 |  42.6 |      13 |       4 |  23.5
            +---------+---------+-------+---------+---------+-------

Illustrated notes

Table legend:
 A = Kills in this place as a percentage of kills in entire the game.
 B = Kills by you in this place as a percentage of kills by you in the entire game.
 C = Kills by friends in this place as a percentage of kills by friends in the entire game.
 D = Other kills in this place as a percentage of other kills in the entire game.
 E = Experience gained in this place as a percentage of experience gained in the entire game.
 F = Experience gained in this place divided by the number of levels of this place that you have seen.
                   A       B       C       D       E      F
               +-------+-------+-------+-------+-------+----------------------
         Total | 100.0 | 100.0 |   N/A |   N/A | 100.0 |  20.8
       Dungeon | 100.0 | 100.0 |   N/A |   N/A | 100.0 |  41.5
               +-------+-------+-------+-------+-------+----------------------

Table legend: (Time is in decaauts)
 A = Elapsed time spent in this place.
 B = Non-inter-level travel time spent in this place.
 C = Inter-level travel time spent in this place.
 D = Time resting spent in this place.
 E = Time spent auto-exploring this place.
 F = Levels seen in this place.
 G = Mean time per level.
                   A        B        C        D        E       F      G
               +--------+--------+--------+--------+--------+-----+--------+
         Total |   2122 |   2111 |     11 |      0 |   1566 |   4 |  530.5 |
       Dungeon |   1945 |   1934 |     11 |      0 |   1566 |   2 |  972.5 |
         Abyss |    177 |    177 |      0 |      0 |      0 |   2 |   88.5 |
               +--------+--------+--------+--------+--------+-----+--------+

Top non-repeatable levels by time:
     D:2: 1037 daAuts
     D:1: 907 daAuts
 Abyss:1: 94 daAuts
 Abyss:2: 83 daAuts
